3AA
GLENDALE HERONS @ SAN BERNARDINO GRASSHOPPERS
08/11/2028
 
TOP OF THE 1ST
Glendale Herons batting - Pitching for San Bernardino Grasshoppers : RHP Delmar Llerena
Pitching: RHP Delmar Llerena
Batting: RHB Salvador Bueno 0-0: SINGLE (Groundball, 34S) (infield hit)
Batting: SHB Yun-qi Chien 0-0: Ground out 4-3 (Groundball, 34D)
Salvador Bueno to second
Batting: SHB Pedro Vásquez 0-0: Ball
1-0: Ball
2-0: Called Strike
2-1: Ball
3-1: Foul Ball, location: 2F
3-2: Base on Balls
Batting: RHB Claudio Tappen 0-0: Ball
Salvador Bueno is caught stealing 3rd base
Pedro Vásquez to second
1-0: Called Strike
1-1: Foul Ball, location: 2F
1-2: Ball
2-2: Foul Ball, location: 2F
2-2: Fly out, F6 (Popup, 6MD)
Top of the 1st over - 0 run(s), 1 hit(s), 0 error(s), 1 left on base; Glendale 0 - San Bernardino 0
BOTTOM OF THE 1ST
San Bernardino Grasshoppers batting - Pitching for Glendale Herons : LHP Yoriyoshi Yoshimura
Pitching: LHP Yoriyoshi Yoshimura
Batting: RHB Oscar Gandarilla 0-0: Ball
1-0: Called Strike
1-1: DOUBLE (Flyball, 7)
Batting: RHB Roberto Ramírez 0-0: Ball
1-0: SINGLE (Line Drive, 56D)
Oscar Gandarilla to third
Batting: RHB Chris Costa 0-0: Ball
1-0: Foul Ball, location: 2F
1-1: SINGLE (Line Drive, 4M)
Oscar Gandarilla scores
Roberto Ramírez to second
Batting: RHB Felix Plugge 0-0: Ball
1-0: SINGLE (Line Drive, 78S)
Roberto Ramírez to third
Chris Costa to second
Batting: LHB Eric Porter 0-0: Called Strike
0-1: DOUBLE (Line Drive, 78D)
Roberto Ramírez scores
Chris Costa scores
Felix Plugge to third
Batting: RHB Jerrel Woestenberg 0-0: Ground out U3 (Groundball, 34)
Felix Plugge scores
Eric Porter to third
Batting: LHB Natale Langushi 0-0: Ball
1-0: Ball
2-0: Called Strike
2-1: Ball
3-1: Called Strike
3-2: Strikes out looking
Batting: RHB Enrico Betancourt 0-0: 2-RUN HOME RUN (Line Drive, 7D), Distance : 399 ft
Batting: RHB Cisco Feijoo 0-0: Called Strike
0-1: Ball
1-1: Swinging Strike
1-2: Strikes out swinging
Bottom of the 1st over - 6 run(s), 6 hit(s), 0 error(s), 0 left on base; Glendale 0 - San Bernardino 6
TOP OF THE 2ND
Glendale Herons batting - Pitching for San Bernardino Grasshoppers : RHP Delmar Llerena
Batting: LHB Jerry Wilson 0-0: Swinging Strike
0-1: Swinging Strike
0-2: Strikes out looking
Batting: RHB Héctor Moreno 0-0: Ball
1-0: Called Strike
1-1: SINGLE (Line Drive, 89S)
Batting: LHB José Rodríguez 0-0: Fly out, F7 (Flyball, 7S)
Batting: SHB Jesús Herrera 0-0: Swinging Strike
0-1: Ground out 1-3 (Groundball, P)
Top of the 2nd over - 0 run(s), 1 hit(s), 0 error(s), 1 left on base; Glendale 0 - San Bernardino 6
BOTTOM OF THE 2ND
San Bernardino Grasshoppers batting - Pitching for Glendale Herons : LHP Yoriyoshi Yoshimura
Batting: RHB Oscar Gandarilla 0-0: Called Strike
0-1: Called Strike
0-2: Strikes out looking
Batting: RHB Roberto Ramírez 0-0: Foul Ball, location: 2F
0-1: Ball
1-1: TRIPLE (Flyball, 9LD)
Batting: RHB Chris Costa 0-0: Fly out, F7 (Flyball, 7)
Runner from 3rd tags up, SCORES, throw made
Batting: RHB Felix Plugge 0-0: Called Strike
0-1: Swinging Strike
0-2: Ball
1-2: Ball
2-2: Foul Ball, location: 2F
2-2: SINGLE (Line Drive, 6)
Batting: LHB Eric Porter 0-0: Ball
1-0: Foul Ball, location: 2F
1-1: Ball
2-1: Ball
3-1: Ground out U3 (Groundball, 34)
Bottom of the 2nd over - 1 run(s), 2 hit(s), 0 error(s), 1 left on base; Glendale 0 - San Bernardino 7
TOP OF THE 3RD
Glendale Herons batting - Pitching for San Bernardino Grasshoppers : RHP Delmar Llerena
Batting: RHB Takechi Okubo 0-0: Called Strike
0-1: Ball
1-1: Foul Ball, location: 2F
1-2: Ball
2-2: Ball
3-2: Ground out 6-3 (Groundball, 6)
Batting: RHB Salvador Bueno 0-0: Fly out, F8 (Line Drive, 89M)
Batting: SHB Yun-qi Chien 0-0: Foul Ball, location: 2F
0-1: Ball
1-1: Swinging Strike
1-2: Foul Ball, location: 2F
1-2: Foul Ball, location: 2F
1-2: Strikes out swinging
Top of the 3rd over - 0 run(s), 0 hit(s), 0 error(s), 0 left on base; Glendale 0 - San Bernardino 7
BOTTOM OF THE 3RD
San Bernardino Grasshoppers batting - Pitching for Glendale Herons : LHP Yoriyoshi Yoshimura
Batting: RHB Jerrel Woestenberg 0-0: Ball
1-0: Ball
2-0: Foul Ball, location: 2F
2-1: Foul Ball, location: 2F
2-2: Fly out, F7 (Flyball, 78M)
Batting: LHB Natale Langushi 0-0: Called Strike
0-1: Called Strike
0-2: Fly out, F7 (Flyball, 7)
Batting: RHB Enrico Betancourt 0-0: Ball
1-0: Called Strike
1-1: Called Strike
1-2: Ball
2-2: Ball
3-2: Strikes out swinging
Bottom of the 3rd over - 0 run(s), 0 hit(s), 0 error(s), 0 left on base; Glendale 0 - San Bernardino 7
TOP OF THE 4TH
Glendale Herons batting - Pitching for San Bernardino Grasshoppers : RHP Delmar Llerena
Batting: SHB Pedro Vásquez 0-0: Swinging Strike
0-1: Foul Ball, location: 2F
0-2: Fly out, F9 (Line Drive, 89M)
Batting: RHB Claudio Tappen 0-0: Swinging Strike
0-1: Ball
1-1: Swinging Strike
1-2: Fly out, F8 (Line Drive, 8LM)
Batting: LHB Jerry Wilson 0-0: Hit by Pitch
Batting: RHB Héctor Moreno 0-0: Ball
1-0: Ball
2-0: Ball
3-0: Called Strike
3-1: Base on Balls
Jerry Wilson to second
Batting: LHB José Rodríguez 0-0: Ball
1-0: Ball
2-0: SINGLE (Groundball, 34S) (infield hit)
Jerry Wilson to third
Héctor Moreno to second
Batting: SHB Jesús Herrera 0-0: Ball
1-0: SINGLE (Groundball, 6M) (infield hit)
Jerry Wilson scores
Héctor Moreno to third
José Rodríguez to second
Batting: RHB Takechi Okubo 0-0: Swinging Strike
0-1: Foul Ball, location: 2F
0-2: Strikes out swinging
Top of the 4th over - 1 run(s), 2 hit(s), 0 error(s), 3 left on base; Glendale 1 - San Bernardino 7
BOTTOM OF THE 4TH
San Bernardino Grasshoppers batting - Pitching for Glendale Herons : LHP Yoriyoshi Yoshimura
Pitching: RHP David Davis
Batting: RHB Cisco Feijoo 0-0: Ball
1-0: Ball
2-0: Ball
3-0: Called Strike
3-1: Foul Ball, location: 2F
3-2: Base on Balls
Batting: RHB Oscar Gandarilla 0-0: Called Strike
0-1: Called Strike
0-2: Ball
1-2: SINGLE (Groundball, 4) (infield hit)
Cisco Feijoo to second
Batting: RHB Roberto Ramírez 0-0: Ball
1-0: Foul Ball, location: 2F
1-1: Ball
2-1: Hit by Pitch
Cisco Feijoo to third
Oscar Gandarilla to second
Batting: RHB Chris Costa 0-0: Ball
1-0: Foul Ball, location: 2F
1-1: Foul Ball, location: 2F
1-2: Ball
2-2: Fly out, F9 (Flyball, 9LS)
Runner from 3rd tags up, SCORES, no throw
Batting: RHB Felix Plugge 0-0: Ball
1-0: Ball
2-0: Ball
3-0: Called Strike
3-1: Base on Balls
Oscar Gandarilla to third
Roberto Ramírez to second
Batting: LHB Eric Porter 0-0: Ball
1-0: Ball
2-0: Fly out, F9 (Flyball, 9)
Runner from 3rd tags up, SCORES, no throw
Batting: RHB Jerrel Woestenberg 0-0: Foul Ball, location: 2F
0-1: Ball
1-1: Foul Ball, location: 2F
1-2: Strikes out swinging
Bottom of the 4th over - 2 run(s), 1 hit(s), 0 error(s), 2 left on base; Glendale 1 - San Bernardino 9
TOP OF THE 5TH
Glendale Herons batting - Pitching for San Bernardino Grasshoppers : RHP Delmar Llerena
Batting: RHB Salvador Bueno 0-0: Ball
1-0: Called Strike
1-1: Ball
2-1: Foul Ball, location: 2F
2-2: Ground out U3 (Groundball, 34)
Batting: SHB Yun-qi Chien 0-0: Called Strike
0-1: Ball
1-1: Ball
2-1: Ball
3-1: Foul Ball, location: 2F
3-2: Foul Ball, location: 2F
3-2: Ground out 6-3 (Groundball, 56)
Batting: SHB Pedro Vásquez 0-0: Ball
1-0: Called Strike
1-1: Foul Ball, location: 2F
1-2: Strikes out swinging, 2-3 out at first.
Top of the 5th over - 0 run(s), 0 hit(s), 0 error(s), 0 left on base; Glendale 1 - San Bernardino 9
BOTTOM OF THE 5TH
San Bernardino Grasshoppers batting - Pitching for Glendale Herons : RHP David Davis
Batting: LHB Natale Langushi 0-0: Swinging Strike
0-1: Ball
1-1: Called Strike
1-2: Ground out 4-3 (Groundball, 4)
Batting: RHB Enrico Betancourt 0-0: Hit by Pitch
Pinch Runner at 1st Kelly Harris:
Batting: RHB Cisco Feijoo 0-0: Ball
1-0: Ball
2-0: Foul Ball, location: 2F
2-1: Ball
3-1: Swinging Strike
3-2: Base on Balls
Kelly Harris to second
Batting: RHB Oscar Gandarilla 0-0: SINGLE (Line Drive, 78S)
Kelly Harris to third
Cisco Feijoo to second
Runner from 3rd tries for Home, SAFE, throw made home
Cisco Feijoo to third
Oscar Gandarilla to second
Batting: RHB Roberto Ramírez 0-0: Called Strike
0-1: Foul Ball, location: 2F
0-2: Ball
1-2: Strikes out swinging
Batting: RHB Chris Costa 0-0: Ball
1-0: Ball
2-0: Foul Ball, location: 2F
2-1: Foul Ball, location: 2F
2-2: Strikes out swinging
Bottom of the 5th over - 1 run(s), 1 hit(s), 0 error(s), 2 left on base; Glendale 1 - San Bernardino 10
TOP OF THE 6TH
Glendale Herons batting - Pitching for San Bernardino Grasshoppers : RHP Delmar Llerena
Now in LF: Kelly Harris
Batting: RHB Claudio Tappen 0-0: Fly out, F9 (Flyball, 9D)
Batting: LHB Jerry Wilson 0-0: Ball
1-0: Ball
2-0: Ground out 5-3 (Groundball, 56S)
Batting: RHB Héctor Moreno 0-0: Foul Ball, location: 2F
0-1: Fly out, F9 (Flyball, 89D)
Top of the 6th over - 0 run(s), 0 hit(s), 0 error(s), 0 left on base; Glendale 1 - San Bernardino 10
BOTTOM OF THE 6TH
San Bernardino Grasshoppers batting - Pitching for Glendale Herons : RHP David Davis
Batting: RHB Felix Plugge 0-0: Called Strike
0-1: Called Strike
0-2: Ground out 6-3 (Groundball, 56)
Batting: LHB Eric Porter 0-0: Called Strike
0-1: Ball
1-1: Ball
2-1: Ball
3-1: Foul Ball, location: 2F
3-2: Ground out 1-3 (Groundball, 13)
Batting: RHB Jerrel Woestenberg 0-0: Called Strike
0-1: Foul Ball, location: 2F
0-2: Ball
1-2: Ball
2-2: Ball
3-2: Ground out 6-3 (Groundball, 6)
Bottom of the 6th over - 0 run(s), 0 hit(s), 0 error(s), 0 left on base; Glendale 1 - San Bernardino 10
TOP OF THE 7TH
Glendale Herons batting - Pitching for San Bernardino Grasshoppers : RHP Delmar Llerena
Batting: LHB José Rodríguez 0-0: Ball
1-0: Foul Ball, location: 2F
1-1: SOLO HOME RUN (Flyball, 9D), Distance : 381 ft
Batting: SHB Jesús Herrera 0-0: Ball
1-0: Ball
2-0: Ball
3-0: Called Strike
3-1: Base on Balls
Batting: RHB Takechi Okubo 0-0: Called Strike
0-1: Ball
1-1: Ground out 3-1 (Groundball, 34S)
Jesús Herrera to second
Batting: RHB Salvador Bueno 0-0: Called Strike
Jesús Herrera is caught stealing 3rd base
0-1: SINGLE (Flyball, 78S)
Batting: SHB Yun-qi Chien 0-0: Called Strike
0-1: Called Strike
0-2: Ball
1-2: Foul Ball, location: 2F
1-2: Fielders Choice at 2nd, 6-4 (Groundball, 6)
Top of the 7th over - 1 run(s), 2 hit(s), 0 error(s), 0 left on base; Glendale 2 - San Bernardino 10
BOTTOM OF THE 7TH
San Bernardino Grasshoppers batting - Pitching for Glendale Herons : RHP David Davis
Pitching: LHP Ralph Horn
Batting: LHB Natale Langushi 0-0: Foul Ball, location: 2F
0-1: Ball
1-1: Swinging Strike
1-2: Ball
2-2: Foul Ball, location: 2F
2-2: Fly out, F7 (Flyball, 7)
Batting: RHB Kelly Harris 0-0: Called Strike
0-1: Ball
1-1: Fly out, F7 (Line Drive, 7)
Batting: RHB Cisco Feijoo 0-0: Ground out 1-3 (Groundball, P)
Bottom of the 7th over - 0 run(s), 0 hit(s), 0 error(s), 0 left on base; Glendale 2 - San Bernardino 10
TOP OF THE 8TH
Glendale Herons batting - Pitching for San Bernardino Grasshoppers : RHP Delmar Llerena
Batting: SHB Pedro Vásquez 0-0: Ball
1-0: Ball
2-0: Called Strike
2-1: Ball
3-1: Foul Ball, location: 2F
3-2: Foul Ball, location: 2F
3-2: Strikes out looking
Batting: RHB Claudio Tappen 0-0: Called Strike
0-1: Foul Ball, location: 2F
0-2: Ball
1-2: Ball
2-2: Strikes out swinging
Batting: LHB Jerry Wilson 0-0: Called Strike
0-1: SOLO HOME RUN (Flyball, 78XD), Distance : 412 ft
Batting: RHB Héctor Moreno 0-0: Foul Ball, location: 2F
0-1: Ground out 6-3 (Groundball, 6)
Top of the 8th over - 1 run(s), 1 hit(s), 0 error(s), 0 left on base; Glendale 3 - San Bernardino 10
BOTTOM OF THE 8TH
San Bernardino Grasshoppers batting - Pitching for Glendale Herons : LHP Ralph Horn
Batting: RHB Oscar Gandarilla 0-0: Ball
1-0: Foul Ball, location: 2F
1-1: SINGLE (Line Drive, 78S)
Batting: RHB Roberto Ramírez 0-0: Called Strike
0-1: Ball
1-1: Swinging Strike
1-2: Ball
2-2: Fly out, F8 (Flyball, 8LS)
Batting: RHB Chris Costa 0-0: Ball
1-0: Ball
2-0: Foul Ball, location: 2F
2-1: Ball
3-1: Base on Balls
Oscar Gandarilla to second
Batting: RHB Felix Plugge 0-0: Ball
1-0: Called Strike
1-1: Called Strike
1-2: Foul Ball, location: 2F
1-2: Strikes out swinging
Batting: LHB Eric Porter 0-0: Ball
1-0: Ball
2-0: Ball
3-0: Called Strike
3-1: Base on Balls
Oscar Gandarilla to third
Chris Costa to second
Batting: RHB Jerrel Woestenberg 0-0: Ball
1-0: Foul Ball, location: 2F
1-1: Ball
2-1: Ball
3-1: Base on Balls
Oscar Gandarilla scores
Chris Costa to third
Eric Porter to second
Batting: LHB Natale Langushi 0-0: Ball
1-0: Ball
2-0: Ball
3-0: Called Strike
3-1: Called Strike
3-2: Fly out, F7 (Flyball, 7)
Bottom of the 8th over - 1 run(s), 1 hit(s), 0 error(s), 3 left on base; Glendale 3 - San Bernardino 11
TOP OF THE 9TH
Glendale Herons batting - Pitching for San Bernardino Grasshoppers : RHP Delmar Llerena
Pitching: RHP Arturo Villa
Now in CF: Noel King
Batting: LHB José Rodríguez 0-0: Fly out, F7 (Flyball, 7S)
Batting: SHB Jesús Herrera 0-0: Ball
1-0: Called Strike
1-1: Foul Ball, location: 2F
1-2: Ground out 3-1 (Groundball, 34)
Batting: RHB Takechi Okubo 0-0: Fly out, F9 (Flyball, 9LSF)
Top of the 9th over - 0 run(s), 0 hit(s), 0 error(s), 0 left on base; Glendale 3 - San Bernardino 11
Thursday, August 24th, 2017 - OOTP Baseball 17.12 Build 75